 Dungeon Crawl Stone Soup version 0.21-a0-154-gb5400c9 (webtiles) character file.

543 AverageBear the Cutter (level 7, -3/40 HPs)
             Began as a Deep Elf Fighter on Aug 2, 2017.
             Slain by Duvessa
             ... wielding a +0 short sword
              (7 damage)
             ... on level 4 of the Dungeon.
             The game lasted 00:05:13 (3593 turns).

AverageBear the Cutter (Deep Elf Fighter)           Turns: 3593, Time: 00:05:13

Health: -3/40      AC:  9    Str: 15    XL:     7   Next: 6%
Magic:  9/9        EV:  9    Int: 13    God:
Gold:   144        SH:  8    Dex: 14    Spells: 6/6 levels left

rFire    . . .     SeeInvis .   a - +2 rapier
rCold    + . .     Gourm    .   c - +0 shield
rNeg     . . .     Faith    .   b - +0 scale mail
rPois    +         Spirit   .   (no helmet)
rElec    .         Reflect  .   d - +2 cloak
rCorr    .         Harm     .   (no gloves)
MR       .....                  (no boots)
Stlth    ..........             (no amulet)
HPRegen  0.13/turn              (no ring)
MPRegen  0.11/turn              (no ring)

@: no status effects
A: talons 1, cold resistance 1, poison resistance
a: no special abilities


You were on level 4 of the Dungeon.
You were near starving.

You visited 1 branch of the dungeon, and saw 4 of its levels.

You collected 144 gold pieces.

Inventory:

Hand Weapons
 a - a +2 rapier (weapon)
Missiles
 i - 3 stones
 q - a throwing net (quivered)
Armour
 b - a +0 scale mail (worn)
 c - a +0 shield (worn)
 d - a +2 cloak (worn)
Scrolls
 e - 3 scrolls of identify
 g - a scroll of teleportation
 j - 3 scrolls of remove curse
Potions
 k - 2 potions of mutation
 l - a potion of heal wounds
Comestibles
 f - 5 bread rations
 h - 8 fruits
 m - 2 royal jellies
 o - a meat ration


   Skills:
 - Level 2.4 Fighting
 - Level 6.3 Short Blades
 - Level 2.4 Armour
 + Level 5.1 Dodging
 - Level 2.4 Shields


You had 6 spell levels left.
You didn't know any spells.

Dungeon Overview and Level Annotations

Branches:
Dungeon (4/15)
 Temple: D:4-7

Altars:

Annotations:
D:4 Duvessa, Eustachio


Innate Abilities, Weirdness & Mutations

You have sharp toenails.
Your flesh is cold resistant. (rC+)
Your system is resistant to poisons. (rPois)


Message History

The orc priest is almost dead.
The orc priest mumbles some strange prayers to Beogh against you.
Beogh smites you!
* * * LOW HITPOINT WARNING * * *
Eustachio mumbles some strange words.
You block Duvessa's attack.
You hit the orc priest.
The orc priest is almost dead.
The orc priest invokes the aid of Beogh against you.
Pain shoots through your body!
* * * LOW HITPOINT WARNING * * *
You block Duvessa's attack. You block the bat's attack.
Okay, then.
You hit the orc priest.
You kill the orc priest!
Your Dodging skill increases to level 5!
The bat hits you.
* * * LOW HITPOINT WARNING * * *
You block the bat's attack. Duvessa hits you with a short sword!
You die...

###### (.#..
#.#.# #e#.##
##@)..##
####.b@#..####
#...r5.##....#
#.##...#....$.
###.###....#
#. ...#..###
###. #.#..#
..( #....##
#.###.#...##
###


You could see Eustachio, Duvessa, an iron imp, a quokka and a bat.

Vanquished Creatures
  The ghost of Alethiolet the Magician, an amateur GnWn (D:4)
  A water moccasin (D:3)
  Crazy Yiuf (D:2)
  3 orc priests
  An orc wizard (D:4)
  A worker ant (D:4)
  7 adders
  3 worms
  3 dart slugs
  2 leopard geckos
  3 orcs (D:3)
  A ball python (D:2)
  A giant cockroach (D:2)
  4 goblins
  11 hobgoblins
  8 kobolds
  5 quokkas
  11 bats
  8 frilled lizards
  2 rats (D:2)
77 creatures vanquished.

Notes
Turn   | Place    | Note
-------+----------+-------------------------------------------
     0 | D:1      | AverageBear the Deep Elf Fighter began the quest for the Orb.
     0 | D:1      | Reached XP level 1. HP: 13/13 MP: 3/3
   205 | D:1      | Reached XP level 2. HP: 17/18 MP: 4/4
   312 | D:1      | Reached skill level 3 in Short Blades
   820 | D:2      | Reached XP level 3. HP: 18/22 MP: 5/5
  1317 | D:2      | Reached skill level 4 in Short Blades
  1471 | D:2      | Reached XP level 4. HP: 22/27 MP: 6/6
  2007 | D:2      | Found a runed door.
  2084 | D:2      | Noticed Crazy Yiuf
  2087 | D:2      | Killed Crazy Yiuf
  2087 | D:2      | Reached skill level 5 in Short Blades
  2276 | D:3      | Reached XP level 5. HP: 30/31 MP: 7/7
  2408 | D:3      | Noticed a water moccasin
  2415 | D:3      | Gained mutation: You are frail. (-10% HP) [potion of mutation]
  2415 | D:3      | Gained mutation: You are agile. (Dex +2) [potion of mutation]
  2416 | D:3      | Lost mutation: You are agile. (Dex +2) [potion of mutation]
  2416 | D:3      | Lost mutation: You are frail. (-10% HP) [potion of mutation]
  2416 | D:3      | Gained mutation: Your flesh is cold resistant. (rC+) [potion of mutation]
  2416 | D:3      | Gained mutation: Your system is resistant to poisons. (rPois) [potion of mutation]
  2416 | D:3      | Gained mutation: You have sharp toenails. [potion of mutation]
  2422 | D:3      | Killed a water moccasin
  2422 | D:3      | Reached skill level 6 in Short Blades
  2720 | D:3      | Reached XP level 6. HP: 34/36 MP: 8/8
  2721 | D:3      | Reached skill level 1 in Dodging
  3008 | D:4      | Noticed Alethiolet's ghost (amateur GnWn)
  3316 | D:4      | Killed Alethiolet's ghost
  3575 | D:4      | Reached XP level 7. HP: 40/40 MP: 9/9
  3577 | D:4      | Noticed Eustachio
  3589 | D:4      | Noticed Duvessa
  3593 | D:4      | Reached skill level 5 in Dodging
  3593 | D:4      | Slain by Duvessa

Vault maps used:
D:1:      dpeg_arrival_pits, minmay_misc_feat_five
D:2:      minmay_tetromino_l4, uniq_crazy_yiuf_cottage
D:3:      first_bread
D:4:      nicolae_ru_awakened_eye, uniq_duvessa, uniq_eustachio

Skill      XL: |  1  2  3  4  5  6  7 |
---------------+----------------------+-----
Short Blades   | 3 4 5 6 |  6.3
Dodging        | 4 5 |  5.1
Fighting       | |  2.4
Armour         | |  2.4
Shields        | |  2.4

Action                   |  1- 3 |  4- 6 |  7- 9 || total
-------------------------+-------+-------+-------++-------
Melee: Rapier            |   150 |   184 |     9 ||   343
       Kick              |       |    29 |     3 ||    32
  Use: Scroll            |     3 |     5 |     1 ||     9
       Potion            |     3 |     5 |       ||     8
  Eat: Chunk             |     2 |     5 |       ||     7
Armor: Scale mail        |    87 |    70 |     4 ||   161
Dodge: Dodged            |    55 |    50 |     2 ||   107
Block: Shield            |    68 |    73 |     6 ||   147
